 Dungeon Crawl Stone Soup version 0.21.0-3-g78d12a8bdd (webtiles) character file.

95 Nivus the Skirmisher (level 4, -1/37 HPs)
             Began as a Human Fighter on Jan 15, 2018.
             Slain by a hobgoblin (2 damage)
             ... on level 3 of the Dungeon.
             The game lasted 00:12:17 (1706 turns).

Nivus the Skirmisher (Human Fighter)                Turns: 1706, Time: 00:12:18

Health: -1/37      AC:  8    Str: 17    XL:     4   Next: 97%
Magic:  4/4        EV:  7    Int:  3    God:
Gold:   106        SH:  9    Dex: 13    Spells: 3/3 levels left

rFire    . . .     SeeInvis .   a - +0 rapier
rCold    . . .     Gourm    .   c - +0 shield
rNeg     . . .     Faith    .   b - +0 scale mail
rPois    .         Spirit   .   (no helmet)
rElec    .         Reflect  .   (no cloak)
rCorr    .         Harm     .   A - +0 pair of gloves
MR       .....                  (no boots)
Stlth    ..........             z - amulet of rage {1}
HPRegen  0.12/turn              i - -5 ring of intelligence (curse) {1}
MPRegen  0.09/turn              (no ring)

@: no status effects
A: no striking features
a: Evoke Berserk Rage


You were on level 3 of the Dungeon.
You were not hungry.

You visited 1 branch of the dungeon, and saw 3 of its levels.

You collected 106 gold pieces.

Inventory:

Hand Weapons
 a - a +0 rapier (weapon)
 k - a +0 dagger
 m - a +0 hand axe
 o - a +0 whip
 t - a +0 dagger
 u - a +2 dagger of venom
 v - a +0 short sword
 x - a +0 hunting sling
 y - a +0 dagger
 C - a +0 short sword
 D - a +0 club
 E - a +0 hand axe
 F - a +0 whip
Missiles
 e - 22 poisoned needles
 g - 114 stones (quivered)
 j - 40 arrows
 n - 36 bolts
Armour
 b - a +0 scale mail (worn)
 c - a +0 shield (worn)
 h - a +0 scale mail
 p - a +0 naga barding
 q - a +0 robe
 A - a +0 pair of gloves (worn)
 B - a +0 robe
 G - a +0 leather armour
Jewellery
 i - a cursed -5 ring of intelligence (left hand) {1}
 z - an amulet of rage (around neck) {1}
Scrolls
 l - a scroll of identify {unknown}
 r - 3 scrolls of enchant armour {unknown}
 s - a scroll of amnesia {unknown}
Potions
 d - 2 potions of might
 w - a potion of curing {unknown}
 H - a potion of heal wounds {unknown}
 I - a potion of lignification {unknown}
Comestibles
 f - 5 rations


   Skills:
 + Level 3.8 Fighting
 + Level 2.9 Short Blades
 + Level 3.4 Armour
 + Level 1.0 Dodging
 + Level 0.1 Stealth
 + Level 3.3 Shields


You had 3 spell levels left.
You didn't know any spells.

Dungeon Overview and Level Annotations

Branches:
Dungeon (3/15)

Altars:


Message History

You block the gnoll's attack.
You hit the gnoll but do no damage.
The gnoll is heavily wounded.
The gnoll hits you with a spear.
* * * LOW HITPOINT WARNING * * *
You block the hobgoblin's attack. The gnoll hits you but does no damage.
The gnoll hits you with a spear.
* * * LOW HITPOINT WARNING * * *
You block the hobgoblin's attack.
The gnoll hits you from afar with a spear.
* * * LOW HITPOINT WARNING * * *
The hobgoblin hits you but does no damage.
You block the gnoll's attack. You block the hobgoblin's attack.
You block the hobgoblin's attack.
There is a stone staircase leading up here.
The gnoll hits you from afar with a spear.
* * * LOW HITPOINT WARNING * * *
The hobgoblin hits you.
You die...

#.##g# ##...# #...#
#. #....# ##..#
#...#
###.g#####..........
##....##..........
##..##..######..
#..####...### # #g##
###...##
#.#########..###
#.##@....#.....#..
#.#g............>..
#.g................
#..................
#..................
#................#.
..................#
#..##......>......##
#.. ##.....#.....##


You could see a gnoll and a hobgoblin.

Vanquished Creatures
  A gnoll (D:3)
  3 adders (D:2)
  2 worms (D:2)
  4 leopard geckos
  An orc (D:3)
  3 bats
  3 giant cockroaches
  7 goblins
  3 hobgoblins
  4 jackals (D:2)
  6 kobolds
  2 ball pythons
  A frilled lizard (D:2)
  6 rats
46 creatures vanquished.

Notes
Turn   | Place    | Note
-------+----------+-------------------------------------------
     0 | D:1      | Nivus the Human Fighter began the quest for the Orb.
     0 | D:1      | Reached XP level 1. HP: 18/18 MP: 1/1
   186 | D:1      | Reached XP level 2. HP: 24/24 MP: 2/2
   650 | D:1      | Reached XP level 3. HP: 29/29 MP: 3/3
   736 | D:2      | Reached skill level 1 in Dodging
   753 | D:2      | Reached XP level 4. HP: 14/36 MP: 4/4
  1706 | D:3      | HP: 1/37 [gnoll/spear (5)]
  1706 | D:3      | Slain by a hobgoblin

Skill      XL: |  1  2  3 |
---------------+----------+-----
Dodging        | 1 |  1.0
Fighting       | |  3.8
Short Blades   | |  2.9
Armour         | |  3.4
Stealth        | |  0.1
Shields        | |  3.3

Action                   |  1- 3 |  4- 6 || total
-------------------------+-------+-------++-------
Melee: Rapier            |    73 |   111 ||   184
  Eat: Ration            |       |     1 ||     1
Armor: Scale mail        |    44 |    47 ||    91
Dodge: Dodged            |    24 |    38 ||    62
Block: Shield            |    43 |    67 ||   110
